Map: Ultralove

Players

Herrabor

  • Race: Zerg Zerg
  • League: Platinum
  • Spawn Location: 1:00

ManlyManMeat - Winner!

  • Race: Zerg Zerg
  • League: Master
  • Spawn Location: 7:00

VOD

Have the link to the VOD?

Description

Time

  • Played on: June 15, 2025, 3:43 p.m.
  • Length: 4:33
Show
View Real Time Build Order
Export as new Build Order

Herrabor Zerg 

Build Orders: Pool First 

Get SALT Encoding   

  12  0:02  Drone  
  13  0:08  Drone  
  14  0:26  Spawning Pool  
  13  0:30  Drone  
  14  0:36  Drone, Extractor  
  15  0:45  Overlord  
  15  1:05  Hatchery  
  14  1:13  Zergling x4  
  14  1:14  Zergling x2  
  17  1:24  Drone  
  18  1:35  Drone  
  19  1:42  Extractor  
  19  1:46  Drone  
  19  1:57  Drone  
  20  2:08  Drone  
  21  2:20  Drone  
  22  2:23  Drone  
  21  2:35  Zergling x4  
  21  2:36  Queen  
  24  2:41  Zergling x4  
  26  2:44  Queen  
  26  2:50  Overlord x2  
  27  3:13  Zergling x4  
  27  3:14  Zergling x4  
  29  3:30  Drone x2  
  31  3:37  Baneling Nest  
  30  3:44  Drone x4  
  27  3:56  Zergling x4  
  27  3:57  Zergling x8  
  33  4:07  Spine Crawler  
  33  4:09  Spine Crawler  
Show
View Real Time Build Order
Export as new Build Order

ManlyManMeat Zerg - Winner!

Build Orders: Hatch First 

Get SALT Encoding   

  12  0:08  Overlord  
  12  0:13  Drone  
  13  0:18  Drone  
  14  0:26  Drone  
  15  0:31  Drone  
  16  0:44  Drone  
  17  0:51  Hatchery  
  17  0:56  Drone  
  17  1:02  Drone  
  18  1:12  Spawning Pool  
  18  1:15  Drone  
  18  1:17  Extractor  
  17  1:26  Drone  
  18  1:35  Drone  
  19  1:58  Queen  
  19  2:00  Zergling x2  
  22  2:02  Zergling x2  
  22  2:03  Zergling x2  
  22  2:07  Queen  
  26  2:10  Zergling x2  
  27  2:17  Metabolic Boost  
  27  2:21  Zergling x2  
  27  2:37  Extractor  
  26  2:46  Drone  
  26  2:47  Overlord x2  
  27  3:05  Queen  
  29  3:06  Drone x2  
  31  3:24  Zergling x14  
  31  3:25  Zergling x6  
  37  3:40  Zergling x2  
  38  3:41  Overlord  
  38  3:42  Overlord  
  38  3:48  Baneling Nest  
  35  4:00  Drone  
  35  4:01  Drone x5  
  41  4:14  Zergling x6  
Tags
 
Matchup
ZvZ
Race
Zerg
Replay Pack
Myownreplay2
Spawn Locations
Cross Positions
Add a new tag
Caveats
  • Supply blocks, unpowered buildings, or Contaminate may cause inaccurate times.
  • Supply counts are checked every 10 seconds.